 Dungeon Crawl Stone Soup version 0.29-a0-270-g1586fc07ea (webtiles) character file.

Game seed: 6938727712852906776

170 Hubjo the Agent of Entropy (level 5, -6/42 HPs)
             Began as a Demonspawn Abyssal Knight on Mar 7, 2022.
             Was a Priest of Lugonu.
             Mangled by an iguana (8 damage)
             ... on level 3 of the Dungeon.
             The game lasted 00:04:21 (3410 turns).

Hubjo the Agent of Entropy (DsAK)                   Turns: 3410, Time: 00:04:21

Health: -6/42      AC:  3    Str: 13    XL:     5   Next: 25%
Magic:  5/8        EV: 15    Int: 11    God:    Lugonu [***...]
Gold:   156        SH:  0    Dex: 16    Spells: 4/4 levels left

rFire   + . .      SeeInvis .   a - +1 falchion
rCold   x . .      Faith    .   (no shield)
rNeg    . . .      Spirit   .   b - +0 leather armour
rPois   .          Reflect  .   (no helmet)
rElec   .          Harm     .   (no cloak)
rCorr   .          Rampage  .   (no gloves)
Will    .....                   (no boots)
Stlth   +.........              (no amulet)
HPRegen 0.14/turn               c - ring of fire
MPRegen 0.11/turn               (no ring)

@: flying
A: repulsion field 2
a: Renounce Religion, Depart the Abyss, Bend Space, Banish


You were on level 3 of the Dungeon.
You worshipped Lugonu.
Lugonu was most pleased with you.
You visited 1 branch of the dungeon, and saw 3 of its levels.
You visited the Abyss 1 time.

You collected 156 gold pieces.

Inventory:

Hand Weapons
 a - a +1 falchion (weapon)
Armour
 b - a +0 leather armour (worn)
Magical Staves
 m - a staff of conjuration
Jewellery
 c - a ring of fire (left hand)
Scrolls
 e - a scroll of fog
 f - a scroll of enchant weapon
 h - a scroll of vulnerability
 i - a scroll of teleportation
 j - 2 scrolls of magic mapping
Potions
 g - a potion of curing {unknown}
 k - a potion of haste {unknown}


   Skills:
 * Level 4.0 Fighting
 + Level 2.3 Long Blades
 + Level 2.3 Armour
 * Level 2.3 Dodging
 * Level 4.1 Invocations


You had 4 spell levels left.
You didn't know any spells.
Your spell library contained the following spells:

 Spells                   Type           Power      Damage    Failure   Level
 Passage of Golubria      Tloc           0%         N/A       99%         4
 Silence                  Hex/Air        0%         N/A       100%        5
 Lehudib's Crystal Spear  Conj/Erth      0%         10d2      100%        8


Dungeon Overview and Level Annotations

Branches:
Dungeon (3/15)

Altars:
Makhleb


Innate Abilities, Weirdness & Mutations

You are surrounded by a moderate repulsion field. (EV +3)


Message History

The orc wizard is devoured by a tear in reality.
Lugonu claims a new guest.
Your Fighting skill increases to level 4!
Okay, then.
An iguana comes into view.
The orc hits you with a +0 mace!
You barely miss the orc.
The iguana hisses angrily.
The orc hits you with a +0 mace.
You closely miss the orc. The orc hits you but does no damage.
You barely miss the orc. The orc closely misses you.
You slash the orc!
You kill the orc!
Lugonu accepts your kill.
The orc shouts!
You barely miss the iguana.
The iguana hisses menacingly.
The iguana bites you! The iguana misses you.
You are too injured to fight recklessly!
You are too injured to fight recklessly!
You are too injured to fight recklessly!
You are too injured to fight recklessly!
You are too injured to fight recklessly!
You hit the iguana but do no damage.
You feel your willpower return.
The iguana hisses menacingly.
The iguana bites you!
* * * LOW HITPOINT WARNING * * *
You hit the iguana.
The iguana is moderately wounded.
The iguana closely misses you.
You hit the iguana.
The iguana is severely wounded.
The iguana bites you!
* * * LOW HITPOINT WARNING * * *
It was a potion of flight.
You feel very buoyant.
You fly up into the air.
The iguana closely misses you. The orc barely misses you. The iguana bites you!
You die...

..# #### .# ###.#
....# ...
....#.....#
#.###.#.#.....#
#.....#.......#
.._..#.#......
...#....$..#
.#.###)#@......#
.......o.l>#.###
.#######.#.....#
.........#......
##.....##.##...
####.....# ..
#..........####...
.................#
.#########<#####.#


You could see an iguana and an orc.

Vanquished Creatures
  Jessica (D:2)
  5 adders (D:2)
  2 worms (D:2)
  3 dart slugs
  An orc (D:3)
  9 endoplasms
  4 giant cockroaches
  4 goblins
  4 hobgoblins
  6 jackals
  A quokka (D:2)
  5 ball pythons
  3 bats
  5 frilled lizards
  5 kobolds
  2 rats (D:2)
60 creatures vanquished.

Notes
Turn   | Place    | Note
-------+----------+-------------------------------------------
     0 | Abyss:1  | Hubjo the Demonspawn Abyssal Knight began the quest for the
                  | Orb.
     0 | Abyss:1  | Reached XP level 1. HP: 18/18 MP: 2/2
    17 | D:1      | Escaped the Abyss
    43 | D:1      | Reached skill level 1 in Dodging
   449 | D:1      | Gained mutation: You are surrounded by a mild repulsion
                  | field. (EV +2) [demonic ancestry]
   449 | D:1      | Reached XP level 2. HP: 22/24 MP: 4/4
   831 | D:1      | Found a faded altar of an unknown god.
  1148 | D:1      | Reached XP level 3. HP: 23/29 MP: 5/5
  1746 | D:2      | Reached *** piety under Lugonu
  2202 | D:2      | Noticed Jessica
  2249 | D:2      | Killed Jessica
  2250 | D:2      | Gained mutation: You are surrounded by a moderate repulsion
                  | field. (EV +3) [demonic ancestry]
  2250 | D:2      | Reached XP level 4. HP: 34/37 MP: 6/6
  3088 | D:2      | Reached XP level 5. HP: 42/42 MP: 6/8
  3395 | D:3      | Found a burning altar of Makhleb.
  3408 | D:3      | HP: 2/42 [iguana (8)]
  3410 | D:3      | Mangled by an iguana

Illustrated notes

Levels and vault maps discovered:
D:1:      minmay_arrival_checkered_box, layout_basic,
          nicolae_ecumenical_lake_church, minmay_box_of_dots
D:2:      minmay_recursive_quarters, layout_basic, uniq_jessica
D:3:      layout_rooms, mainiacjoe_overflow_cross_hatched, uniq_robin

Skill      XL: |  1  2  3  4  5 |
---------------+----------------+-----
Dodging        | 1 2 |  2.3
Invocations    | 3 4 |  4.1
Armour         | 2 |  2.3
Long Blades    | 2 |  2.3
Fighting       | 4 |  4.0

Action                   |  1- 3 |  4- 6 || total
-------------------------+-------+-------++-------
Melee: Falchion          |   116 |    69 ||   185
       Punch             |     1 |     1 ||     2
Invok: Banish            |       |     1 ||     1
  Use: Scroll            |       |     5 ||     5
       Potion            |       |     1 ||     1
 Stab: Sleeping          |     1 |       ||     1
Armor: Leather armour    |    46 |    17 ||    63
Dodge: Dodged            |    89 |    60 ||   149

Table legend: (Time is in decaauts)
 A = Elapsed time spent in this place.
 B = Non-inter-level travel time spent in this place.
 C = Inter-level travel time spent in this place.
 D = Time resting spent in this place.
 E = Time spent auto-exploring this place.
 F = Levels seen in this place.
 G = Mean time per level.
                   A        B        C        D        E       F      G
               +--------+--------+--------+--------+--------+-----+--------+
         Total |   3446 |   3417 |     29 |      0 |   2929 |   4 |  861.5 |
       Dungeon |   3429 |   3400 |     29 |      0 |   2921 |   3 | 1143.0 |
         Abyss |     17 |     17 |      0 |      0 |      8 |   1 |   17.0 |
               +--------+--------+--------+--------+--------+-----+--------+

Top non-repeatable levels by time:
     D:2: 1852 daAuts
     D:1: 1553 daAuts
     D:3: 23 daAuts
 Abyss:1: 17 daAuts
